Cogmind - Beta 11.1 @@@ ROGUE MODE // 2022.05.16 @ 02:36:34 Player: RX86 Result: Destroyed by Y-45 Defender with Heavy Assault Rifle Performance ------------- Evolutions (1) 500 Regions Visited (4) 800 Robots Destroyed (17) 85 Value Destroyed (301) 301 Prototype IDs (3) 60 Alien Tech Used (0) 0 Bonus (283) 283 TOTAL SCORE: 2029 Bonus ------- Follower Combat Kills 283 Cogmind --------- Core Integrity 0/400 Matter 270/300 Energy 81/100 System Corruption 1% Temperature Cool (15) Movement Flying (34) Location -9/Mines Parts ------- > --- POWER (1) -------- (None) > --- PROPULSION (3) --- Improved Flight Unit Improved Flight Unit Improved Flight Unit > --- UTILITY (3) ------ Medium Storage Unit Propulsion Shielding Propulsion Shielding > --- WEAPON (2) ------- Mining Claw > --- INVENTORY (10) --- Light Nuclear Core Improved Flight Unit Improved Flight Unit Improved Flight Unit Hardened Light Armor Plating Grenade Launcher Improved Datajack Improved Datajack Mining Claw Peak State ------------ > --- POWER ------------ Ion Engine > --- PROPULSION ------- Improved Flight Unit Improved Flight Unit Improved Flight Unit > --- UTILITY ---------- Medium Storage Unit > --- WEAPON ----------- Great Maul Great Maul > --- INVENTORY -------- Light Nuclear Core Light Nuclear Core Aluminum Leg Aluminum Leg Makeshift Leg Flight Unit Flight Unit Grenade Launcher Improved Datajack Improved Datajack [Rating: 19] Favorites ----------- Power Light Ion Engine Engine Light Ion Engine Power Core Light Nuclear Core Propulsion Aluminum Leg Leg Aluminum Leg Flight Unit Flight Unit Utility Core Shielding Storage Medium Storage Unit Protection Core Shielding Weapon Grenade Launcher Energy Gun Backup Laser I Ballistic Gun Light Assault Rifle Launcher Grenade Launcher Impact Weapon Great Maul Slashing Weapon Mining Claw Special Melee Weapon Datajack Build | -11 -10 -10 -9 -9 ------- Run | Scr Mat Min Mat Min Slots Evolved 2 | . . . 2 . Power . | . . . . . Propulsion 1 | . . . 1 . Utility 1 | . . . 1 . Weapon . | . . . . . Parts Attached 44 | 4 8 4 25 3 Power 6 | 2 1 1 2 . Engine 5 | 2 1 1 1 . Core 1 | . . . 1 . Reactor . | . . . . . Propulsion 18 | 2 2 2 12 . Treads . | . . . . . Leg 8 | 2 . . 6 . Wheel . | . . . . . Hover . | . . . . . Flight 10 | . 2 2 6 . Utility 6 | . 2 . 4 . Device . | . . . . . Storage 1 | . . . 1 . Processor . | . . . . . Hackware . | . . . . . Protection 5 | . 2 . 3 . Artifact . | . . . . . Weapon 14 | . 3 1 7 3 Energy Gun . | . . . . . Energy Cannon . | . . . . . Ballistic Gun 2 | . 2 . . . Ballistic Cannon . | . . . . . Launcher 3 | . 1 1 . 1 Special Weapon . | . . . . . Impact Weapon 5 | . . . 5 . Slashing Weapon 2 | . . . . 2 Piercing Weapon . | . . . . . Special Melee Weapon 2 | . . . 2 . Unidentified Prototypes 1 | . . . 1 . Parts Lost 4 | . . 1 3 . Power 1 | . . . 1 . Propulsion 1 | . . 1 . . Utility 2 | . . . 2 . Weapon . | . . . . . Highest Loss Streak 2 | . . 1 2 . To Critical Strikes . | . . . . . Average Slot Usage (%) 77 | . 78 71 81 77 Engine 9 | . 14 14 6 . Leg 10 | . 18 . 15 . Flight 19 | . 9 28 16 33 Storage 4 | . . . 10 11 Protection 15 | . 13 14 15 22 Ballistic Gun 5 | . 17 . . . Launcher 5 | . 4 14 . . Impact Weapon 5 | . . . 15 . Slashing Weapon 1 | . . . . 9 Naked Turns . | . . . . . Heaviest Build 27 | 5 12 8 27 15 Greatest Support 40 | 20 20 8 40 15 Greatest Overweight (x) 1 | . 1 . 1 . Average Overweight (x) . | . . . . . Largest Inventory Capacity 10 | 5 5 5 10 10 Average Capacity 6 | 5 5 5 9 10 Most Carried 10 | 5 5 5 10 10 Average Carried 6 | 3 4 4 7 9 Final Capacity 10 | 5 5 5 10 10 Final Carried 10 | 5 5 5 10 9 Class Distribution -------------------- 100% | Mutant Dominant Class ---------------- Mutant | -10/Materials Mutant | -10/Mines Mutant | -9/Materials Mutant | -9/Mines Resources | -11 -10 -10 -9 -9 ----------- Run | Scr Mat Min Mat Min Matter Collected 682 | 240 110 85 237 10 Remotely . | . . . . . Salvage Created 270 | . 116 27 103 24 Parts 16 | . 5 7 2 2 Haulers Intercepted . | . . . . . Recyclers Shooed . | . . . . . Parts Field Recycled . | . . . . . Retrieved Matter . | . . . . . Parts Self-Destructed . | . . . . . Prevented . | . . . . . Kills | -11 -10 -10 -9 -9 ------- Run | Scr Mat Min Mat Min Combat Hostiles Destroyed 16 | . 5 6 2 3 Melee 1 | . . . 1 . Guns 4 | . 4 . . . AOE 10 | . 1 6 . 3 Classes Destroyed 4 | . 2 . 2 . Worker 1 | . . . 1 . Swarmer 12 | . 3 6 . 3 Grunt 3 | . 2 . 1 . Sentry 1 | . . . 1 . Best Kill Streak 3 | . 3 3 2 3 Combat Bots Only 3 | . 3 3 2 3 Max Kills in Single Turn 3 | . 1 3 1 3 Gunslinging . | . . . . . Exploded 3 | . 1 3 . 3 Melee 1 | . . . 1 . Uniques/NPCs Destroyed . | . . . . . Combat | -11 -10 -10 -9 -9 -------- Run | Scr Mat Min Mat Min Damage Taken 1411 | . 268 100 856 187 Core 503 | . 58 33 337 75 Absorbed by Shields . | . . . . . Redirected to Shielding 45 | . 2 6 19 18 Core Remaining (%) 81 | 100 . 63 . . Volleys Fired 18 | . 13 4 . 1 Largest 2 | . 2 1 . 1 Hottest 40 | . 40 30 . 30 Shots Fired 27 | . 22 4 . 1 Gun 20 | . 20 . . . Cannon . | . . . . . Launcher 7 | . 2 4 . 1 Special . | . . . . . Kinetic 20 | . 20 . . . Thermal . | . . . . . Explosive 7 | . 2 4 . 1 Electromagnetic . | . . . . . Robot Hit Streak 16 | . 16 2 . . Robot Miss Streak 2 | . 2 1 . . Penetration Max . | . . . . . Secondary Targets 1 | . 1 . . . Max Gunslinging Chain 1 | . 1 . . . Shots Hit Robots 30 | . 17 2 11 . Core Hits 20 | . 10 7 1 2 Critical Kills . | . . . . . Critical Parts Destroyed 2 | . . . 2 . Critical Strikes 2 | . . . 2 . Smash 2 | . . . 2 . Melee Attacks 16 | . . . 16 . Impact 13 | . . . 13 . Slashing . | . . . . . Piercing . | . . . . . Sneak Attacks 4 | . . . 4 . Combat Hostiles . | . . . . . Follow-up Attacks 2 | . . . 2 . Damage Inflicted 1099 | . 246 311 391 151 Guns 132 | . 132 . . . Cannons . | . . . . . Explosions 576 | . 114 311 . 151 Melee 391 | . . . 391 . Ramming . | . . . . . Kinetic 132 | . 132 . . . Thermal 35 | . . . . 35 Explosive 541 | . 114 311 . 116 Electromagnetic . | . . . . . Impact 391 | . . . 391 . Slashing . | . . . . . Piercing . | . . . . . Highest Corruption 1 | . . . 1 1 Average Corruption 1 | . . . 1 1 Corruption Purged . | . . . . . Corruption Blocked . | . . . . . Effects 3 | . . . 1 2 Message Errors 1 | . . . . 1 Heat Flow Errors 1 | . . . 1 . Energy Discharges 1 | . . . . 1 Overload Shots . | . . . . . Overflow Damage 174 | . . 3 163 8 Projectiles . | . . . . . Explosions 11 | . . 3 . 8 Melee 163 | . . . 163 . Knockbacks . | . . . . . Impact . | . . . . . Kinetic . | . . . . . Secondary . | . . . . . Self-Inflicted Damage 12 | . 12 . . . Shots 1 | . 1 . . . Rammed . | . . . . . Targets Rammed . | . . . . . Kicked . | . . . . . Crushed . | . . . . . Highest Temperature 201 | . 68 7 201 11 Average Temperature 45 | . 26 4 104 9 Received Heat Transfer 618 | . 141 42 342 93 Effects 1 | . . . 1 . Energy Bleed 1 | . . . 1 . Siege Activations . | . . . . . Robots Corrupted . | . . . . . Combat Hostiles . | . . . . . Parts Fried 2 | . . . 2 . Impact Corruptions 3 | . . . 3 . Robots Melted . | . . . . . Combat Hostiles . | . . . . . Parts Melted . | . . . . . Heat Transferred 50 | . . . . 50 Parts Sabotaged . | . . . . . Parts Stolen . | . . . . . Parts Stripped . | . . . . . Power Chain Reactions . | . . . . . Missiles Intercepted . | . . . . . Alert | -11 -10 -10 -9 -9 ------- Run | Scr Mat Min Mat Min Peak Influence 437 | . 264 437 361 348 Initial 170 | . . 11 170 140 Average 208 | . 85 312 264 201 Maximum Alert Level 2 | . 1 2 1 1 Low Security (%) 45 | 100 82 27 8 77 Level 1 46 | . 17 43 91 22 Level 2 7 | . . 29 . . Level 3 . | . . . . . Level 4 . | . . . . . Level 5 . | . . . . . High Security . | . . . . . Max Security . | . . . . . Squads Dispatched 3 | . 2 . 1 . Investigation 3 | . 2 . 1 . Extermination . | . . . . . Reinforcement . | . . . . . Assault . | . . . . . Garrison . | . . . . . Intercept . | . . . . . Searches Triggered . | . . . . . Construction Impeded . | . . . . . Haulers Reinforced . | . . . . . Active Scanning Responses . | . . . . . Cargo Convoy Interrupts . | . . . . . Stealth | -11 -10 -10 -9 -9 --------- Run | Scr Mat Min Mat Min Distress Signals 3 | . 1 . 2 . Communications Jammed . | . . . . . Distress Signals . | . . . . . Times Spotted 75 | . 18 12 35 10 Peak Tracking Total 18 | . 7 7 18 8 Tactical Retreats 10 | . 2 2 5 1 Traps | -11 -10 -10 -9 -9 ------- Run | Scr Mat Min Mat Min Traps Triggered 1 | . . . 1 . Indirectly . | . . . . . Trap Hack Attempts . | . . . . . Triggered . | . . . . . Disarmed . | . . . . . Reprogrammed . | . . . . . Reused . | . . . . . Traps Extracted . | . . . . . Installed . | . . . . . Triggered . | . . . . . Machines | -11 -10 -10 -9 -9 ---------- Run | Scr Mat Min Mat Min Machines Disabled 2 | . . 1 . 1 Max in Single Turn 1 | . . 1 . 1 Machines Sabotaged . | . . . . . Garrisons Compromised . | . . . . . Overloaded Fab Kills . | . . . . . Hacking | -11 -10 -10 -9 -9 --------- Run | Scr Mat Min Mat Min Machines Accessed 20 | . 9 1 10 . Terminals 17 | . 7 1 9 . Fabricators . | . . . . . Repair Stations 2 | . 1 . 1 . Recycling Units 1 | . 1 . . . Scanalyzers . | . . . . . Garrison Access . | . . . . . Total Hacks 75 | . 25 2 48 . Successful 37 | . 10 1 26 . Failed 38 | . 15 1 22 . Catastrophic 8 | . 4 . 4 . Database Lockouts . | . . . . . Manual 72 | . 20 9 43 . Terminals 66 | . 19 2 45 . Fabricators . | . . . . . Repair Stations 4 | . 1 . 3 . Recycling Units 5 | . 5 . . . Scanalyzers . | . . . . . Garrison Access . | . . . . . Terminal Hacks 14 | . 4 1 9 . Prototype ID Bank 1 | . . 1 . . Level Access Points 1 | . 1 . . . Terminal Index 2 | . 1 . 1 . Alert Level 3 | . . . 3 . Unreport Threat 4 | . 2 . 2 . Zone Layout 3 | . . . 3 . Fabricator Hacks . | . . . . . Repair Station Hacks 1 | . . . 1 . Refit 1 | . . . 1 . Recycling Unit Hacks . | . . . . . Scanalyzer . | . . . . . Garrison Access Hacks . | . . . . . Unauthorized Hacks 22 | . 6 . 16 . Terminals 18 | . 3 . 15 . Track 3 | . . . 3 . Assimilate 6 | . . . 6 . Botnet 8 | . 3 . 5 . Operators 1 | . . . 1 . Fabricators . | . . . . . Repair Stations 2 | . 1 . 1 . Mechanics 2 | . 1 . 1 . Recycling Units 2 | . 2 . . . Monitor 1 | . 1 . . . Recyclers 1 | . 1 . . . Scanalyzers . | . . . . . Garrison Access . | . . . . . Data Cores Recovered . | . . . . . Used . | . . . . . Hacking Detections 18 | . 8 1 9 . Full Trace Events 3 | . 2 . 1 . Feedback Events . | . . . . . Feedback Blocked . | . . . . . Robot Schematics Acquired . | . . . . . Robots Built . | . . . . . Authchips . | . . . . . Time . | . . . . . Total Robot Build Rating . | . . . . . Part Schematics Acquired . | . . . . . Parts Built . | . . . . . Authchips . | . . . . . Time . | . . . . . Total Part Build Rating . | . . . . . Parts Repaired . | . . . . . Time . | . . . . . Parts Recycled . | . . . . . Recycled Matter . | . . . . . Retrieved Matter . | . . . . . Retrieved Components . | . . . . . Parts Scanalyzed . | . . . . . Part Schematics Acquired . | . . . . . Parts Damaged . | . . . . . Bothacking | -11 -10 -10 -9 -9 ------------ Run | Scr Mat Min Mat Min Used RIF Installer . | . . . . . Robots Hacked 1 | . . . 1 . Non-combat 1 | . . . 1 . Combat . | . . . . . Robot Hacks Applied 2 | . . . 2 . parse_system 1 | . . . 1 . no_distress 1 | . . . 1 . Relay Couplers Released . | . . . . . Fabnet Peak Effective % . | . . . . . Robots Rewired . | . . . . . Allies Hacked . | . . . . . Hacks Repelled . | . . . . . Allies | -11 -10 -10 -9 -9 -------- Run | Scr Mat Min Mat Min Total Allies 8 | . . 5 2 1 Largest Group 5 | . . 5 5 1 Highest-Rated Group 81 | . . 81 81 31 Highest-Rated Ally 31 | . . 31 31 31 Total Orders . | . . . . . Ally Attacks 50 | . . 18 25 7 Total Damage 664 | . . 208 330 126 Kills 10 | . . 4 5 1 Allies Corrupted . | . . . . . Allies Melted . | . . . . . Intel | -11 -10 -10 -9 -9 ------- Run | Scr Mat Min Mat Min Robot Analysis Total . | . . . . . Derelict Logs Recovered 2 | . . 1 . 1 Drone Launches . | . . . . . Drone Recoveries . | . . . . . Exploration | -11 -10 -10 -9 -9 ------------- Run | Scr Mat Min Mat Min Turns Passed 1122 | 45 317 287 351 122 Spaces Moved 1781 | 32 396 582 467 304 Core 4 | 4 . . . . Treads . | . . . . . Legs 245 | 28 142 . 75 . Wheels . | . . . . . Hover . | . . . . . Flight 1532 | . 254 582 392 304 Fastest Speed 34 | 50 37 37 34 34 Average Speed 48 | 111 67 37 53 34 Slowest Speed 190 | 120 120 37 190 34 Overloaded Moves . | . . . . . Propulsion Burnouts . | . . . . . Robots Hopped 24 | . 2 5 11 6 Cave-ins Triggered . | . . . . . Exploration Rate (%) 60 | 3 78 95 52 76 Regions Visited 4 Branch Regions 2 Pre-discovered Areas 1 | . . 1 . . Known Exits Taken 1 | . . 1 . . Unknown Exits Taken 3 | 1 1 . 1 . Scrap Searched 2 | . . 1 . 1 Spaces Dug 1 | . . . 1 . Terrain Destroyed 63 | . 12 36 1 14 Melee 1 | . . . 1 . Projectile . | . . . . . AOE 62 | . 12 36 . 14 Terrain Rammed . | . . . . . Walls Destroyed . | . . . . . Machines Disabled . | . . . . . Actions | -11 -10 -10 -9 -9 --------- Run | Scr Mat Min Mat Min Total 1958 | 39 424 645 535 315 Wait 68 | . . 56 . 12 Move 1729 | 31 391 571 444 292 Hop 24 | . 2 5 11 6 Pick Up 29 | 4 5 1 19 . Fast Attach 12 | 3 3 . 6 . Attach 9 | . 1 1 6 1 Detach 6 | . . 1 5 . Swap 23 | 1 4 3 13 2 Drop 26 | . 5 3 17 1 Fire 18 | . 13 4 . 1 Melee 14 | . . . 14 . Ram . | . . . . . Kick . | . . . . . Crush . | . . . . . Escape Stasis . | . . . . . Rewire . | . . . . . Trap . | . . . . . Miscellaneous . | . . . . . Route ------- -11/Scrapyard -10/Materials (discovered 4 exits: *Mat x3 / *Min) -10/Mines (discovered 2 exits: *Mat x2) -9/Materials (discovered 2 exits: [*Min x2]) -9/Mines (discovered 3 exits: [*Mat x2] / [*Zio]) History --------- Turn | Location | Event 17 | -11/Scrapyard | Discovered new exit (range 16) 46 | -11/Scrapyard | Entered Materials 140 | -10/Materials | Discovered new exit (range 11) 282 | -10/Materials | Discovered new exit (range 8) 295 | -10/Materials | Identified exit to Materials 306 | -10/Materials | Build established: Mutant 363 | -10/Materials | Entered Mines 395 | -10/Mines | Discovered exit to Materials (range 5) 528 | -10/Mines | Learned location of Storage (-8) 563 | -10/Mines | Discovered exit to Materials (range 3) 566 | -10/Mines | Assisted by bots powering up and referring to "LRC-V3" 650 | -10/Mines | Entered Materials 650 | -9/Materials | Accompanied by 5 allies 650 | -9/Materials | Evolved 2 slots: Propulsion x1, Utility x1 655 | -9/Materials | Led the pair of lost Derelicts to an unsafe place 873 | -9/Materials | Discovered new exit (range 16) 875 | -9/Materials | Discovered new exit (range 16) 925 | -9/Materials | Core integrity fell below 50% 967 | -9/Materials | Core integrity fell below 20% 1001 | -9/Materials | Entered Mines 1016 | -9/Mines | Received a Mining Laser from a helpful Derelict 1037 | -9/Mines | Discovered new exit (range 10) 1061 | -9/Mines | A Derelict revealed a hidden shortcut to a safe place 1062 | -9/Mines | Discovered new exit (range 13) 1123 | -9/Mines | Destroyed by Y-45 Defender with Heavy Assault Rifle Last Messages --------------- 01044_ Acquired 10 matter. 01055_ UKUZ8BWS0 01103_ K-01 Serf collects debris. 01110_ W5-P58(g) suffers critical hit (Burn). 01112_ G-47 Trooper destroyed. 01115_ U-05 Engineer lays Concrete. 01117_ System corrupted: Energy discharge (-23). 01121_ K-01 Serf collects debris. Map ----- +----------------------------------------------------+ | ## #?## #??# """ """ #?????##### | | ## ### #### ## #??????#### | | ### [!!## """ """ """ #??????# | | ##?# %!## """ """ """ #??????# | | ######## ######## """ """ """ #??????# # | | #???## #??????# #??????# ?? | | ### #????## #??????################??????#??? | | ###?# #?????## #???????????????????????????????? | | ????# ######### #???????????????????????????????? | | ????# #???????????????????????????????? | | ????####### ### #####???????????????????????????? | | ??????????# #?# #???????????????????????????? | | ??????????# #?# #??????????????????? ????? | | ????????### #?##### #########"##??????? ? | | ????????# ##????# #" #??????????# | | ????????## ##???## ## #???????????# | | ?????????## ##### ## "#???????????# | | ??????????## %### "#???????????### | | ???????????## k #?## [ "#?????????????## | | ??????######## gg#???# ##??????????????# | | ?????##" "#?## Y ##???" #???????????????#? | | ?????#!! [!??## t ##???""#"##????????????????? | | ?????#!! !????## ##??#####?????????????????? | | ??????# ###??### #### ##?????????????????? | | ?????###++## #????## #?????????????????? | | ?????# ######## # @ > #?????????????????? | | ?????# ## ## #?????????????????? | | ?????# ## ##### ## ##?????????????????? | | ?????# ## #???# ### ###??????????????????? | | ?????# #???# ######????????????????????? | | ?????# ####??## ##???????????????????????? | | ?????# #???### #???????????????????????? | | ?????############# #???????????????????????? | | #####??????## ###???????????????????????? | | """ ?????## ##?????????????????????????? | | """ ???## ### #??????????????????????????? | | """ ???# ##?## < #?????????????????????????? | | ??# ##??# #?????????????????????????? | | ### #?? #????????????????????????? | | #?# #????????????????????????? | | #### ##?## ##????????????????????????? | | #######???####???## ##?????????????????????????? | | ??????????????????#####??????????????????????????? | | ?????????????????????????????????????????????????? | | | | | | | | | | | | | +----------------------------------------------------+ Best States ------------- Heat Dissipation 28 Energy Generation 14 Energy Capacity 250 Matter Stores 300 Matter Capacity 300 Sight Range 16 Terrain Scan Density 10 Armor Coverage 150 Core Shielding 20 Propulsion Shielding 33 Evasion (%) 63 Item Schematics ----------------- None Robot Schematics ------------------ None Fabricated ------------ Nothing Alien Tech Used ----------------- None Achievements -------------- None Challenges ------------ None Game ------ Seed PotentialNullMeganuke Manual? 0 Play Time 00:58:08 Cumulative 39.1 hours Start 2022.05.16 @ 01:31:37 End 2022.05.16 @ 02:36:34 Sessions 1 Manual Loads 0 Difficulty Rogue Special Mode None Game No. 26 Rogue 24 Adventurer 0 Explorer 2 Win Type - Total 0 Types 0/0/0/0/0/0/0/0/0 Lore% 24 Gallery% 27 Achievement% 23 Wizard Run 0 Options --------- ASCII 0 Keyboard 0 Movement Numpad Keybinds 0 Fullscreen 1 Font 18/SmallcapsGlow Map View 76x50 Tactical HUD 1 Map Filters NONE Filters NONE Steam 1 RUN: 195126a2-7f3d-4744-8865-6174e2e7d8d0